 Dungeon Crawl Stone Soup version 0.30.1-3-gfc49f6343a (webtiles) character file.

Game seed: 6729021694595242688

92 leafyfresh the Covert (level 4, -2/31 HPs)
             Began as an Octopode Delver on Aug 4, 2023.
             Slain by a kobold
             ... wielding a +0 short sword
              (5 damage)
             ... on level 4 of the Dungeon.
             The game lasted 00:00:56 (585 turns).

leafyfresh the Covert (Octopode Delver)              Turns: 585, Time: 00:00:57

Health: -2/31      AC:  1    Str: 11    XL:     4   Next: 60%
Magic:  4/4        EV: 13    Int: 14    God:
Gold:   15         SH:  0    Dex: 13    Spells: 3/3 levels left

rFire   . . .        a - +0 short sword
rCold   . . .        (no shield)
rNeg    . . .        (helmet restricted)
rPois   .            (no amulet)
rElec   .            (no ring)
rCorr   .            (no ring)
SInv    .            (no ring)
Will    .....        (no ring)
Stlth   +++++        (no ring)
HPRegen 0.25/turn    (no ring)
MPRegen 0.09/turn    (no ring)
                     (no ring)

%: no passive effects
@: no status effects
A: almost no armour, amphibious, 8 rings, camouflage 1, gelatinous body 1,
(nimble swimmer 1), tentacles
a: no special abilities


You were on level 4 of the Dungeon.
You visited 1 branch of the dungeon, and saw 2 of its levels.

You collected 15 gold pieces.

Inventory:

Hand Weapons
 a - a +0 short sword (weapon)
Missiles
 e - 3 poisoned darts (quivered)
Armour
 i - a +1 cloak
Wands
 f - a wand of digging (3)
Scrolls
 b - a scroll of fog
 c - a scroll of magic mapping
 d - 2 scrolls of fear
 g - a scroll of acquirement {unknown}
Potions
 h - a potion of mutation {unknown}


   Skills:
 + Level 3.5 Fighting
 + Level 2.1 Short Blades
 + Level 2.2 Dodging
 + Level 8.4 Stealth


You had 3 spell levels left.
You didn't know any spells.
Your spell library was empty.

Dungeon Overview and Level Annotations

Branches:
Dungeon (5/15)
 Temple: D:4-7

Altars:

Shops:
D:5 *


Innate Abilities, Weirdness & Mutations

You cannot wear most types of armour.
You are amphibious.
You can wear up to eight rings at the same time.
Your skin changes colour to match your surroundings (Stealth+).
Your rubbery body absorbs attacks. (AC +1, EV +1)
((You are camouflaged when in or above water. (Stealth+)))
You have tentacles for arms and can constrict up to eight enemies at once.


Message History

The jackal bites you but does no damage.
You completely miss the jackal.
The jackal is almost dead.
You constrict the jackal.
You kill the jackal!
The jackal closely misses you.
You closely miss the jackal. Your grab misses the jackal.
The jackal barely misses you.
You closely miss the jackal. Your grab misses the jackal.
The jackal closely misses you.
You closely miss the jackal. Your grab misses the jackal. The jackal bites you.
* * * LOW HITPOINT WARNING * * *
You hit the jackal but do no damage. You grab the jackal.
You constrict the jackal. The jackal bites you.
* * * LOW HITPOINT WARNING * * *
The jackal misses you.
You hit the jackal.
The jackal is severely wounded.
You constrict the jackal. The jackal closely misses you.
You hit the jackal.
You kill the jackal!
The jackal closely misses you.
You closely miss the jackal. You grab the jackal.
You constrict the jackal, but do no damage.
The jackal barely misses you.
You hit the jackal.
The jackal is moderately wounded.
You constrict the jackal. The jackal closely misses you.
You hit the jackal but do no damage. You squeeze the jackal.
You kill the jackal!
The kobold misses you.
Things that are here:
a jackal corpse; an adder corpse You barely miss the kobold.
Your grab misses the kobold. The kobold barely misses you.
You barely miss the kobold. Your grab misses the kobold.
You squeeze the kobold.
The kobold is severely wounded.
The kobold hits you with a +0 short sword.
You die...

#........### #######
#........... .......
#........... .......
+...........
.......##...........
#......<.?.h....=...
.#####.#.!####.####
#K..#..# # #@#.#..#
#.###..# #^.....#
#####.##
#.############
#.............
##############


You could see a kobold.

Vanquished Creatures
  A howler monkey (D:4)
  A hound (D:5)
  2 adders (D:4)
  4 jackals (D:4)
  A quokka (D:4)
9 creatures vanquished.

Notes
Turn   | Place    | Note
-------+----------+-------------------------------------------
     0 | D:5      | leafyfresh the Octopode Delver began the quest for the Orb.
     0 | D:5      | Reached XP level 1. HP: 16/16 MP: 1/1
    59 | D:5      | Noticed a hound
    72 | D:5      | Killed a hound
    73 | D:5      | Reached skill level 7 in Stealth
    73 | D:5      | Reached XP level 2. HP: 14/21 MP: 2/2
    73 | D:5      | Reached XP level 3. HP: 17/26 MP: 3/3
   316 | D:5      | Found Riolucw's Gadget Gallery.
   335 | D:5      | Noticed an ogre
   335 | D:5      | Noticed an ogre
   568 | D:4      | Reached skill level 8 in Stealth
   568 | D:4      | Reached XP level 4. HP: 6/31 MP: 4/4
   577 | D:4      | HP: 1/31 [jackal (2)]
   585 | D:4      | Slain by a kobold

Illustrated notes

Levels and vault maps discovered:
D:4:      layout_basic
D:5:      layout_loops_ring, grunt_temple_overflow_diamond,
          ebering_ghost_reflecting_pool, nicolae_shop_gadgets, uniq_duvessa,
          uniq_menkaure

Skill      XL: |  1  2  3 |
---------------+----------+-----
Stealth        | 7 8 |  8.4
Fighting       | |  3.5
Short Blades   | |  2.1
Dodging        | |  2.2

Action                     |  1- 3 |  4- 6 || total
---------------------------+-------+-------++-------
  Melee: Short sword       |    19 |    17 ||    36
         Tentacles         |     5 |     5 ||    10
         Constrict         |     5 |     4 ||     9
    Use: Potion            |     1 |       ||     1
 Armour: Skin              |     1 |     1 ||     2
  Dodge: Dodged            |    22 |    13 ||    35
